 Dungeon Crawl Stone Soup version 0.26-a0-651-gb41185065b (webtiles) character file.

Game seed: 11701231042864995788

438 Inarius the Chopper (level 6, -3/53 HPs)
             Began as a Draconian Chaos Knight on Oct 1, 2020.
             Was a Plaything of Xom.
             Slain by a scorpion (4 damage)
             ... on level 3 of the Dungeon.
             The game lasted 00:03:18 (3288 turns).

Inarius the Chopper (Draconian Chaos Knight)        Turns: 3288, Time: 00:03:25

Health: -3/53      AC:  7    Str: 16    XL:     6   Next: 69%
Magic:  6/6        EV: 13    Int: 13    God:    Xom [..*...]
Gold:   226        SH:  0    Dex: 10    Spells: 5/5 levels left

rFire    . . .     SeeInvis .   k - +0 war axe
rCold    . . .     Faith    .   (no shield)
rNeg     . . .     Spirit   .   (armour unavailable)
rPois    .         Reflect  .   (helmet restricted)
rElec    .         Harm     .   (no cloak)
rCorr    .         Rampage  .   (no gloves)
MR       .....                  (no boots)
Stlth    ++........             (no amulet)
HPRegen  0.97/turn              (no ring)
MPRegen  0.10/turn              (no ring)

@: mighty, brilliant, lethally poisoned (-3 -> -4)
A: unfitting armour, big wings, regeneration 2, shaggy fur 1, cold-blooded, AC
+6
a: Fly, Renounce Religion


You were on level 3 of the Dungeon.
You worshipped Xom.
You were a toy of Xom.
You visited 1 branch of the dungeon, and saw 3 of its levels.

You collected 226 gold pieces.

Inventory:

Hand Weapons
 k - a +0 war axe (weapon)
Scrolls
 b - a scroll of teleportation {unknown}
 d - a scroll of immolation {unknown}
 f - 2 scrolls of identify {unknown}
 h - a scroll of enchant weapon {unknown}
 i - a scroll of fear {unknown}
Potions
 g - a potion of brilliance


   Skills:
 + Level 4.6 Fighting
 + Level 5.2 Axes
 + Level 4.2 Dodging
 + Level 1.7 Stealth


You had 5 spell levels left.
You didn't know any spells.
Your spell library was empty.

Dungeon Overview and Level Annotations

Branches:
Dungeon (3/15)

Altars:
Dithmenos
Fedhas
Vehumet


Innate Abilities, Weirdness & Mutations

Your plain brown scales are hard. (AC +6)
You cannot fit into any form of body armour.
You are cold-blooded and may be slowed by cold attacks.
Your large and strong wings let you fly indefinitely.
You heal very quickly.
You are covered in fur. (AC +1)


Message History

You feel a little less clever now.
* * * LOW HITPOINT WARNING * * *
You feel sick. The scorpion barely misses you.
It was a potion of brilliance.
You feel clever all of a sudden.
Xom roars with laughter!
* * * LOW HITPOINT WARNING * * *
You feel sick. The scorpion barely misses you.
It was a potion of might.
You feel very mighty all of a sudden.
* * * LOW HITPOINT WARNING * * *
You feel sick. The scorpion stings you!
* * * LOW HITPOINT WARNING * * *
It was a potion of mutation.
You feel extremely strange.
You begin to heal more quickly.
Fur sprouts all over your body.
You begin to heal more quickly.
Your wings grow larger and stronger.
* * * LOW HITPOINT WARNING * * *
You feel sick. The scorpion stings you.
You die...
Xom roars with laughter!

##### # ##...
#. ....# # #.#
...####.#.
#..###.[.......
# #.#...#...#
#.##.#.....##
#....†.@s...#
###..####....._
#..# ..#.. #...
## #.##. #. .#
#. .. ####.##
..o# ..g


You could see a scorpion.

Vanquished Creatures
  A golden eye (shapeshifter) (D:2)
  An ogre (D:3)
  A hound (D:2)
  2 orc wizards (D:3)
  An orc priest (D:3)
  A hound skeleton (D:2)
  5 adders
  2 oozes (D:1)
  A worm (D:2)
  2 leopard geckos (D:1)
  4 orcs (D:3)
  A ball python (D:2)
  3 giant cockroaches (D:2)
  8 goblins
  10 hobgoblins
  5 bats
  5 frilled lizards
  4 kobolds
  5 rats
62 creatures vanquished.

Vanquished Creatures (collateral kills)
  An orc (D:3)
1 creature vanquished.

Grand Total: 63 creatures vanquished

Notes
Turn   | Place    | Note
-------+----------+-------------------------------------------
     0 | D:1      | Inarius the Draconian Chaos Knight began the quest for the
                  | Orb.
     0 | D:1      | Reached XP level 1. HP: 19/19 MP: 1/1
    62 | D:1      | XOM: silly message
   134 | D:1      | Reached XP level 2. HP: 11/26 MP: 2/2
   417 | D:1      | XOM: silly message
   823 | D:1      | Reached XP level 3. HP: 29/33 MP: 3/3
  1161 | D:2      | Found a shadowy altar of Dithmenos.
  1500 | D:2      | Found a blossoming altar of Fedhas.
  1578 | D:2      | Reached XP level 4. HP: 35/40 MP: 4/4
  1727 | D:2      | Noticed a shapeshifter
  1727 | D:2      | a giant cockroach changed into a shapeshifter
  1727 | D:2      | XOM: polymorph giant cockroach -> shapeshifter
  1727 | D:2      | Noticed a golden eye
  1727 | D:2      | a shapeshifter changed into a golden eye
  1732 | D:2      | Killed a golden eye
  1732 | D:2      | Reached skill level 4 in Axes
  1732 | D:2      | Reached skill level 1 in Stealth
  1732 | D:2      | Reached XP level 5. HP: 46/46 MP: 5/5
  1838 | D:2      | XOM: 2-stop teleportation journey
  1855 | D:2      | XOM: divination: detect items
  1864 | D:2      | XOM: polymorph rat -> hound
  2260 | D:3      | Noticed an ogre
  2261 | D:3      | XOM: summons 5 friendly demons
  2266 | D:3      | XOM: butterfly on damage
  2269 | D:3      | Killed an ogre
  2269 | D:3      | Reached XP level 6. HP: 24/53 MP: 6/6
  2483 | D:3      | XOM: blink monster(s)
  2486 | D:3      | XOM: enchant monster (good)
  2494 | D:3      | XOM: smoke on damage
  2715 | D:3      | XOM: noise
  2718 | D:3      | XOM: butterfly on damage
  2999 | D:3      | XOM: cleaving
  3007 | D:3      | Reached skill level 5 in Axes
  3013 | D:3      | XOM: summons friendly iron imp
  3016 | D:3      | XOM: god gift: 53 gold pieces
  3266 | D:3      | XOM: 9-stop teleportation journey
  3280 | D:3      | Found a radiant altar of Vehumet.
  3281 | D:3      | XOM: potion effect (brilliance)
  3287 | D:3      | HP: 1/53 [scorpion (9)]
  3288 | D:3      | Gained mutation: Your natural rate of healing is unusually
                  | fast. [potion of mutation]
  3288 | D:3      | Gained mutation: You are covered in fur. (AC +1) [potion of
                  | mutation]
  3288 | D:3      | Gained mutation: You heal very quickly. [potion of
                  | mutation]
  3288 | D:3      | Gained mutation: Your large and strong wings let you fly
                  | indefinitely. [potion of mutation]
  3288 | D:3      | Slain by a scorpion

Illustrated notes

Levels and vault maps discovered:
D:1:      saegor_arrival_simple_c, layout_loops_ring
D:2:      layout_basic, nicolae_dithmenos_shadow_blocks, fedhas_altar_1,
          grunt_ministairs_15
D:3:      layout_loops_cross, vehumet_crystals, serial_glass, glass_columns_a,
          glass_columns_c, feat_on_display, item_on_display_a,
          minmay_strange_pillars, nemelex_diamond_rough_becter, uniq_robin

Skill      XL: |  1  2  3  4  5  6 |
---------------+-------------------+-----
Dodging        | 3 4 |  4.2
Fighting       | 4 |  4.6
Axes           | 4 5 |  5.2
Stealth        | 1 |  1.7

Action                   |  1- 3 |  4- 6 || total
-------------------------+-------+-------++-------
Melee: Hand axe          |   131 |    58 ||   189
       Tailslap          |     9 |    15 ||    24
       War axe           |       |    50 ||    50
  Use: Potion            |       |     4 ||     4
 Stab: Petrifying        |     1 |       ||     1
       Paralysed         |       |     1 ||     1
Armor: Skin              |    51 |    37 ||    88
Dodge: Dodged            |    92 |    84 ||   176

Table legend: (Time is in decaauts)
 A = Elapsed time spent in this place.
 B = Non-inter-level travel time spent in this place.
 C = Inter-level travel time spent in this place.
 D = Time resting spent in this place.
 E = Time spent auto-exploring this place.
 F = Levels seen in this place.
 G = Mean time per level.
                   A        B        C        D        E       F      G
               +--------+--------+--------+--------+--------+-----+--------+
         Total |   3322 |   3265 |     57 |   1183 |   1540 |   3 | 1107.3 |
       Dungeon |   3322 |   3265 |     57 |   1183 |   1540 |   3 | 1107.3 |
               +--------+--------+--------+--------+--------+-----+--------+

Top non-repeatable levels by time:
     D:1: 1162 daAuts
     D:2: 1114 daAuts
     D:3: 1044 daAuts
